 Dungeon Crawl Stone Soup version 0.28.0-47-ge53b351184 (webtiles) character file.

Game seed: 8506286520762827781

3977 101zpm the Thaumaturge (level 10, 0/61 HPs)
             Began as a Djinni Fire Elementalist on May 10, 2022.
             Slain by an ice beast (2 damage)
             ... on level 7 of the Dungeon.
             The game lasted 00:25:46 (10279 turns).

101zpm the Thaumaturge (Djinni Fire Elementalist)  Turns: 10279, Time: 00:25:48

Health: 0/61       AC:  5    Str:  7    XL:     10   Next: 46%
Gold:   323        EV: 12    Int: 21    God:
                   SH:  0    Dex: 14

rFire   + + +      SeeInvis +   i - +4 mace (protect)
rCold   . . .      Faith    .   (no shield)
rNeg    . . .      Spirit   .   F - +2 leather armour {Will+}
rPois   ∞          Reflect  .   (no helmet)
rElec   .          Harm     .   y - scarf {rC+ rF+}
rCorr   +          Rampage  .   (no gloves)
Will    ++...                   (boots unavailable)
Stlth   ++........              (no amulet)
HPRegen 0.20/turn               h - ring of see invisible
MPRegen 0.00/turn               k - ring of resist corrosion

@: flying
A: sickness immunity, fire resistance 2, cold vulnerability 1, float, innate
caster, HP casting, extra vitality 1
a: no special abilities


You were on level 7 of the Dungeon.
You visited 1 branch of the dungeon, and saw 8 of its levels.
You also visited: Sewer.

You collected 323 gold pieces.

Inventory:

Hand Weapons
 d - a +2 scythe of venom
 i - a +4 mace of protection (weapon)
 r - a +2 spectral club
Missiles
 l - 4 boomerangs
 A - 19 poisoned darts
 B - 63 stones
 C - 2 curare-tipped darts
 D - 24 bolts
Armour
 a - a +0 robe
 y - a scarf of resistance (worn)
 F - a +2 leather armour of willpower (worn)
Jewellery
 h - a ring of see invisible (left hand)
 k - a ring of resist corrosion (right hand)
 o - a ring of protection from fire
Wands
 q - a wand of mindburst (15)
 v - a wand of acid (7)
Scrolls
 b - 2 scrolls of torment
 f - 3 scrolls of fear
 j - a scroll of amnesia
 n - 2 scrolls of summoning
 p - a scroll of enchant weapon
 s - 2 scrolls of noise {unknown}
 w - a scroll of teleportation
 E - 2 scrolls of fog {unknown}
 G - 2 scrolls of immolation {unknown}
 J - 2 scrolls of holy word {unknown}
Potions
 c - 2 potions of invisibility {unknown}
 e - 6 potions of magic {unknown}
 g - 2 potions of curing {unknown}
 m - a potion of heal wounds {unknown}
 t - 2 potions of resistance
 u - a potion of brilliance {unknown}
 x - a potion of haste {unknown}
 z - a potion of might {unknown}
 H - a potion of attraction {unknown}
 I - a potion of ambrosia {unknown}


   Skills:
 + Level 0.6 Fighting
 + Level 1.7 Armour
 + Level 3.4 Dodging
 + Level 3.4 Stealth
 + Level 10.8 Spellcasting


You had 9 spell levels left.
You knew the following spells:

 Your Spells              Type           Power      Damage    Failure   Level
a - Foxfire               Conj/Fire      100%       2x1d9     1%          1
b - Scorch                Fire           100%       2d10      1%          2
c - Conjure Flame         Conj/Fire      54%        6-21      1%          3
d - Inner Flame           Hex/Fire       54%        N/A       1%          3
e - Flame Wave            Conj/Fire      54%        2d11      1%          4
f - Sting                 Tmut/Pois      100%       1d8       1%          1
g - Poisonous Vapours     Pois/Air       100%       N/A       1%          2
h - Corpse Rot            Necr/Air       100%       N/A       1%          2
i - Swiftness             Air            54%        N/A       1%          3
Your spell library was empty.

Dungeon Overview and Level Annotations

Branches:
Dungeon (8/15)              Sewer (visited)
 Temple: D:4-7         Lair: D:8-11

Altars:

Annotations:
D:3 2 transporters, 1 runed translucent door, Crazy Yiuf; lawnmower's ghost, amateur DsFi
D:6 3 runed translucent doors, duchin's ghost, novice DrEn


Innate Abilities, Weirdness & Mutations

You are immune to sickness and miasma.
You are immune to poison.
Your flesh is very heat resistant. (rF++)
You are vulnerable to cold. (rC-)
You float through the air rather than walking.
You learn spells naturally, not from books.
Your magical power is your life essence.
You have superior vitality. (+4 MHP)


Message History

Aiming: Inner Flame (safe; 1% risk of failure)
Press: ? - help, Dir - move target, f - wyvern zombie
Aim: a wyvern zombie (lightly damaged, chance to affect: 98%)
The wyvern zombie is filled with an inner flame.
The wyvern zombie is engulfed in blazing flames.
Flame seeps out of the wyvern zombie.
The wyvern zombie bites you.
A hobgoblin zombie comes into view.
Casting: Inner Flame (safe; 1% risk of failure)
Confirm with . or Enter, or press ? or * to list all spells.
Aiming: Inner Flame (safe; 1% risk of failure)
Press: ? - help, Dir - move target, f - hobgoblin zombie, p - wyvern zombie
Aim: a hobgoblin zombie (chance to affect: 98%)
The hobgoblin zombie is filled with an inner flame.
The wyvern zombie is engulfed in blazing flames.
Flame seeps out of the wyvern zombie.
The wyvern zombie barely misses you.
Casting: Inner Flame (safe; 1% risk of failure)
Confirm with . or Enter, or press ? or * to list all spells.
Flames lash the wyvern zombie.
Flame seeps out of the wyvern zombie.
The wyvern zombie is almost destroyed.
The wyvern zombie's fire resistance burns away.
The wyvern zombie is engulfed in blazing flames.
The wyvern zombie explodes!
The fiery explosion engulfs you. You resist.
You are engulfed in blazing flames.
You resist.
The hobgoblin zombie is engulfed in blazing flames.
The hobgoblin zombie explodes!
An ice beast comes into view.
A kobold zombie comes into view.
Found a robe.
The ice beast hits you.
* * * LOW HITPOINT WARNING * * *
The ice beast freezes you!
* * * LOW HITPOINT WARNING * * *
Casting: Scorch (safe; 1% risk of failure)
Confirm with . or Enter, or press ? or * to list all spells.
Flames lash the ice beast.
The ice beast melts!
The ice beast is lightly wounded.
The ice beast's fire resistance burns away.
* * * LOW HITPOINT WARNING * * *
The ice beast hits you.
You die...

#.########
##########.######## #...
#............. #
#...##.#...........
#.#..................
####.#..######..########
.Z......# .#..########
...[..Y.####.#..........
#@#....#..........
#.#....#..........
#.##..##..........
#.................
########..........
###########


You could see an ice beast (combustible) and a kobold zombie.

Vanquished Creatures
  Erica (D:8)
  Pikel (D:6)
  Sigmund (D:3)
  Eustachio (D:6)
  2 steam dragons (D:8)
  Edmund (D:6)
  A black bear (D:6)
  A sky beast (D:5)
  4 ogres
  A lemure (D:6)
  3 phantoms
  4 kobold brigands (Sewer)
  4 bullfrogs
  2 gnoll sergeants
  A wyvern zombie (D:7)
  2 centaur zombies
  A hound (D:5)
  A centaur skeleton (D:4)
  2 gnoll shamans
  An iguana (D:6)
  Ijyb (D:4)
  Terence (D:3)
  4 orc wizards
  Natasha (thrice) (D:2)
  A mummy (D:7)
  22 gnolls
  7 adders
  A shadow imp (D:8)
  2 white imps
  2 worms
  A dart slug (D:5)
  6 orcs
  8 ball pythons
  4 endoplasms
  5 giant cockroaches
  15 goblins
  7 hobgoblins
  10 jackals
  20 kobolds
  4 quokkas
  8 bats
  3 frilled lizards
  A hobgoblin zombie (D:7)
  2 kobold zombies (D:7)
  12 rats
185 creatures vanquished.

Vanquished Creatures (others)
  507 foxfires
  8 fungi
  13 plants
528 creatures vanquished.

Grand Total: 713 creatures vanquished

Notes
Turn   | Place    | Note
-------+----------+-------------------------------------------
     0 | D:1      | 101zpm the Djinni Fire Elementalist began the quest for the
                  | Orb.
     0 | D:1      | Reached XP level 1. HP: 15/15 MP: 0/0
   191 | D:2      | Reached XP level 2. HP: 7/21 MP: 0/0
   421 | D:3      | Noticed Sigmund
   429 | D:3      | Killed Sigmund
   430 | D:3      | Reached skill level 4 in Spellcasting
   430 | D:3      | Reached XP level 3. HP: 17/25 MP: 0/0
   430 | D:3      | Learned a level 1 spell: Sting
   430 | D:3      | Reached XP level 4. HP: 21/31 MP: 0/0
   430 | D:3      | Reached XP level 5. HP: 24/35 MP: 0/0
   430 | D:3      | Learned a level 2 spell: Poisonous Vapours
   454 | D:4      | Reached XP level 6. HP: 21/40 MP: 0/0
   775 | D:3      | Noticed Terence
   778 | D:3      | Killed Terence
   951 | D:3      | Noticed lawnmower's ghost (amateur DsFi)
   975 | D:3      | Found a transporter.
  1156 | D:3      | Found a transporter.
  1274 | D:3      | Found a runed translucent door.
  1275 | D:3      | Noticed Crazy Yiuf
  1698 | D:2      | Noticed Natasha
  1700 | D:2      | Killed Natasha
  2245 | D:2      | Reached skill level 5 in Spellcasting
  2245 | D:2      | Reached XP level 7. HP: 42/45 MP: 0/0
  2245 | D:2      | Learned a level 2 spell: Corpse Rot
  2472 | D:2      | Noticed Natasha
  2477 | D:2      | Killed Natasha
  3073 | D:2      | Noticed Natasha
  3080 | D:2      | Killed Natasha
  5004 | D:4      | Noticed Ijyb
  5008 | D:4      | Killed Ijyb
  5138 | D:5      | Entered Level 5 of the Dungeon
  5247 | D:5      | Reached skill level 6 in Spellcasting
  5254 | D:5      | Reached XP level 8. HP: 31/50 MP: 0/0
  5974 | D:5      | Reached skill level 7 in Spellcasting
  6614 | D:6      | Found a glowing drain.
  6618 | Sewer    | Entered a sewer
  6728 | Sewer    | Reached XP level 9. HP: 39/56 MP: 0/0
  6728 | Sewer    | Learned a level 3 spell: Swiftness
  6862 | Sewer    | Reached skill level 8 in Spellcasting
  8095 | D:6      | Noticed Pikel
  8096 | D:6      | Killed Pikel
  8111 | D:6      | Reached skill level 9 in Spellcasting
  8343 | D:6      | Noticed Eustachio
  8347 | D:6      | Killed Eustachio
  8768 | D:6      | Found a runed translucent gate.
  8768 | D:6      | Found a runed translucent gate.
  8768 | D:6      | Found a runed translucent gate.
  8872 | D:6      | Noticed Edmund
  8877 | D:6      | Killed Edmund
  9013 | D:6      | Noticed duchin's ghost (novice DrEn)
  9320 | D:6      | Reached XP level 10. HP: 51/61 MP: 0/0
  9707 | D:8      | Noticed Erica
  9711 | D:8      | Killed Erica
  9712 | D:8      | Reached skill level 1 in Armour
  9712 | D:8      | Reached skill level 10 in Spellcasting
 10279 | D:7      | Slain by an ice beast

Illustrated notes

Levels and vault maps discovered:
D:1:      lemuel_arrival_river_ford, layout_loops_corners,
          kennysheep_nondescript, minmay_misc_feat_four_crosses,
          minmay_tromino_i4
D:2:      layout_loops_cross, kennysheep_generic_room_12, uniq_natasha
D:3:      layout_rooms, gammafunk_ghost_arena, uniq_crazy_yiuf_cottage,
          uniq_terence, uniq_sigmund
D:4:      layout_basic, minmay_temple_entry_hall, uniq_grinder, uniq_ijyb
D:5:      layout_rooms
D:6:      layout_loops_corners, gammafunk_ghost_nasty_kobolds,
          gup_sewer_entry_spiral, minmay_ogre_servants, uniq_edmund, uniq_pikel,
          uniq_eustachio
D:7:      layout_basic, minmay_mini_ossuary
D:8:      gammafunk_jiyva_shrine, layout_rooms, uniq_erica, uniq_gastronok

Skill      XL: |  1  2  3  4  5  6  7  8  9 10 |
---------------+-------------------------------+-----
Dodging        | 3 |  3.4
Stealth        | 2 3 |  3.4
Spellcasting   | 4 5 6 7 9 10 | 10.8
Armour         | 1 |  1.7
Fighting       | |  0.6

Action                   |  1- 3 |  4- 6 |  7- 9 | 10-12 || total
-------------------------+-------+-------+-------+-------++-------
 Cast: Foxfire           |    18 |    69 |   189 |    41 ||   317
       Inner Flame       |       |    17 |    95 |    20 ||   132
       Scorch            |       |     9 |    32 |    11 ||    52
       Poisonous Vapours |       |     4 |    57 |     3 ||    64
       Sting             |       |       |     1 |       ||     1
       Conjure Flame     |       |       |     2 |       ||     2
  Use: Scroll            |       |       |     5 |     2 ||     7
Armor: Robe              |       |     1 |     1 |       ||     2
       Leather armour    |       |       |       |     2 ||     2
Dodge: Dodged            |     3 |     4 |    12 |     4 ||    23
